 Dungeon Crawl Stone Soup version 0.23.0-2-g0fe3ce5905 (webtiles) character file.

Game seed: 4687136284077634905

144494 Jannitor the Bludgeoner (level 18, -1/147 HPs)
             Began as a Formicid Fighter on Feb 20, 2019.
             Was an Elder of the Shining One.
             Killed from afar by a smoke demon (12 damage)
             ... with a ball of steam
             ... on level 1 of the Abyss.
             The game lasted 01:00:14 (27524 turns).

Jannitor the Bludgeoner (Formicid Fighter)         Turns: 27524, Time: 01:00:15

Health: -1/147     AC: 28    Str: 33    XL:     18   Next: 2%
Magic:  23/28      EV: 12    Int:  8    God:    the Shining One [****..]
Gold:   2527       SH: 40    Dex: 12    Spells: 17/17 levels left

rFire    . . .     SeeInvis +   J - +5 great mace (protect)
rCold    . . .     Gourm    .   X - +0 large shield
rNeg     + + .     Faith    .   q - +3 plate armour
rPois    .         Spirit   .   (helmet unavailable)
rElec    .         Reflect  +   C - +2 cloak {MR+}
rCorr    .         Harm     .   p - +2 pair of gloves
MR       ++...                  a - +0 pair of boots (curse)
Stlth    ..........             O - +6 amulet of reflection
HPRegen  0.34/turn              W - +4 ring of evasion
MPRegen  0.21/turn              e - +6 ring of strength

@: divine shield, glowing, lightly drained
A: permanent stasis, dig shafts and tunnels, four strong arms, antennae 3
a: Dig, Shaft Self, Divine Shield, Cleansing Flame, Renounce Religion


You were on level 1 of the Abyss.
You worshipped the Shining One.
The Shining One was greatly pleased with you.
You were very hungry.

You visited 3 branches of the dungeon, and saw 18 of its levels.
You visited the Abyss 3 times.
You also visited: Sewer, Bailey and Ice Cave.

You collected 3001 gold pieces.
You spent 474 gold pieces at shops.

Inventory:

Hand Weapons
 J - a +5 great mace of protection (weapon)
Missiles
 v - 3 throwing nets (quivered)
Armour
 a - a cursed +0 pair of boots (worn)
 h - a scarf of spirit shield
 p - a +2 pair of gloves (worn)
 q - a +3 plate armour (worn)
 C - a +2 cloak of magic resistance (worn)
 I - a +3 chain mail
 M - the +3 chain mail "Doiwa" {rC- Regen+ Str+2 SInv}
   (You bought it in a shop on level 13 of the Dungeon)

   It affects your strength (+2).
   It makes you vulnerable to cold.
   It lets you see invisible.
   It increases your rate of regeneration.
 X - a +0 large shield (worn)
Jewellery
 e - a +6 ring of strength (right hand)
 j - an uncursed ring of positive energy
 k - an uncursed ring of protection from cold
 u - an uncursed ring of protection from cold
 x - an uncursed ring of resist corrosion
 H - an uncursed ring of positive energy
 O - a +6 amulet of reflection (around neck)
 P - an uncursed ring of protection from fire
 W - a +4 ring of evasion (left hand)
Wands
 d - a wand of random effects (15)
 l - a wand of paralysis (9)
 n - a wand of flame (27)
 r - a wand of iceblast (18)
 y - a wand of clouds (10)
 z - a wand of polymorph (8)
 S - a wand of acid (6)
 Y - a wand of digging (10)
Scrolls
 b - a scroll of random uselessness {unknown}
 g - a scroll of torment {unknown}
 i - 8 scrolls of remove curse
 m - 4 scrolls of amnesia
 G - 2 scrolls of fog
 K - 4 scrolls of immolation
 N - a scroll of enchant armour {unknown}
 R - a scroll of silence {unknown}
 U - 5 scrolls of identify
 V - a scroll of fear
 Z - a scroll of magic mapping {unknown}
Potions
 c - a potion of heal wounds
 s - 3 potions of magic
 t - 2 potions of curing
 A - 2 potions of might
Miscellaneous
 o - a lamp of fire (inert)
 F - a fan of gales
 Q - a phial of floods
Comestibles
 f - 22 rations
 w - 6 chunks of flesh


   Skills:
 + Level 14.4(14.1) Fighting
 * Level 16.4(16.1) Maces & Flails
 + Level 14.4(14.2) Armour
 + Level 15.5(15.2) Shields
 + Level 14.5(14.2) Invocations


You had 17 spell levels left.
You didn't know any spells.
Your spell library contained the following spells:

 Spells                   Type           Power        Failure   Level  Hunger
 Beastly Appendage        Tmut           #.....       91%         1    ##.....
 Confusing Touch          Hex            #.....       91%         1    ##.....
 Corona                   Hex            #......      91%         1    ##.....
 Sting                    Conj/Pois      #...         91%         1    ##.....
 Ensorcelled Hibernation  Hex/Ice        #.....       97%         2    ###....
 Sticks to Snakes         Tmut           #.......     97%         2    ###....
 Confuse                  Hex            #.......     99%         3    ####...
 Conjure Flame            Conj/Fire      #.......     99%         3    ####...
 Dazzling Spray           Conj/Hex       #.....       99%         3    ####...
 Gell's Gravitas          Tloc           #.........   99%         3    ####...
 Spider Form              Tmut/Pois      #.........   99%         3    ####...
 Static Discharge         Conj/Air       #.......     99%         3    ####...
 Tukima's Dance           Hex            #.......     99%         3    ####...
 Ice Form                 Ice/Tmut       #.......     100%        4    #####..
 Olgreb's Toxic Radiance  Pois           #.......     100%        4    #####..
 Petrify                  Tmut/Erth      #.......     100%        4    #####..
 Blade Hands              Tmut           #.........   100%        5    ######.
 Irradiate                Conj/Tmut      #.........   100%        5    ######.
 Lightning Bolt           Conj/Air       #.........   100%        5    ######.
 Metabolic Englaciation   Hex/Ice        #.........   100%        5    ######.
 Yara's Violent Unravell  Hex/Tmut       #.........   100%        5    ######.
 Hydra Form               Tmut           #.........   100%        6    #######
 Statue Form              Tmut/Erth      #........    100%        6    #######
 Dragon Form              Tmut           #.........   100%        7    #######
 Ignition                 Fire           #.........   100%        8    #######
 Shatter                  Erth           #.........   100%        9    #######
 Tornado                  Air            #.........   100%        9    #######


Dungeon Overview and Level Annotations

Branches:
Dungeon (15/15)            Temple (1/1) D:5            Lair (0/6) D:9
    Orc (0/2) D:11         Vaults (0/5) D:14         Depths (2/5) D:15

Altars:
Ashenzari
Cheibriados
Dithmenos
Elyvilon
Fedhas
Gozag
Hepliaklqana
Kikubaaqudgha
Makhleb
Nemelex Xobeh
Okawaru
Qazlal
Ru
Sif Muna
Trog
Uskayaw
Vehumet
Wu Jian
Xom
Yredelemnul
Zin
The Shining One
Lugonu

Shops:
D:4 (   D:10 %   D:13 *

Portals:
Hell: Depths:1
Abyss: Depths:1

Annotations:
D:10 3 runed translucent doors, Laan's ghost, journeyman GrMo


Innate Abilities, Weirdness & Mutations

You cannot be hasted, slowed, berserked, paralysed or teleported.
You can dig through walls and to a lower floor.
Your four strong arms can wield two-handed weapons with a shield.
You have a pair of large antennae on your head. (SInv)


Message History

The golden flame engulfs the wight!!!
The wight writhes in agony!
You destroy the wight!
The Shining One accepts your kill.
You feel better.
You feel somewhat more hungry.
Something shouts, "Get thee gone, thou fawning ill-nurtured strumpet!"
You hear a screech!
You hear a chilling moan.
You hear a roar!
You hear a hideous shriek!
You hear a shout! x2; You hear a roar!
An orange demon comes into view.
The revenant lashes out with ghostly flames.
The ghostly flame explodes!
The ghostly fireball engulfs you but does no damage.
You partially resist.
You feel drained.
A starcursed mass splits.
A chorus of shrieks assaults your mind.
* * * LOW HITPOINT WARNING * * *
Unknown command.
Unknown command.
You block the wight's attack. The smoke demon gestures at you.
The ball of steam hits you!
You die...

.#♣≈ ≈≈ ####≈≈≈≈≈4≈ #
##.#≈≈.≈#≈≈
#.##.....≈≈.# #. {
.....z.#.#{.≈ #. {#.
##......#≈≈.≈ #...#.
#..).z.≈≈≈# #°.. #3§@#
.°.## ##.## #.#Z#
###..# ## #
..{.###.Z#..# {
#..#°☼###{{{.###.X.{
#.#☼°.○.Z##.#..#..#.{z
#.°#○°°..X#.##.#...X#
#D### #...##.. #..X##
. #.##.....#.. #..#


You could see a starcursed mass, an orange demon, a spectral anaconda, a smoke
demon and 2 wights.

Vanquished Creatures
  An ancient lich (Abyss:1)
  A lich (Depths:1)
  A tentacled monstrosity (Abyss:1)
  2 tentacled starspawn (Abyss:1)
  A sphinx (D:15)
  Kirke (D:12)
  A shadow dragon (D:15)
  3 frost giants
  A stone giant (Depths:1)
  8 very ugly things
  2 vampire knights (Depths:1)
  Azrael (D:15)
  An ettin (Depths:1)
  A yaktaur captain (D:15)
  A fire dragon (Depths:1)
  2 rakshasas
  2 great orbs of eyes
  3 hydras
  2 ice dragons (Depths:1)
  11 centaur warriors
  3 deep troll shamans
  A vampire mage (Depths:1)
  2 tengu warriors
  2 two-headed ogres
  7 deep troll earth magi
  4 thrashing horrors (Abyss:1)
  2 iron trolls
  2 wretched stars (Abyss:1)
  A shadow wraith (D:15)
  A death drake (shapeshifter) (Depths:1)
  15 deep trolls
  19 starcursed masses
  An unseen horror (Abyss:1)
  A spatial maelstrom (Abyss:1)
  A flayed ghost (D:15)
  2 phantasmal warriors (Depths:1)
  A necromancer (D:15)
  A deep elf archer (D:15)
  3 orc knights (D:15)
  An orb spider (Abyss:1)
  3 deep elf magi (D:15)
  4 large abominations (Abyss:1)
  3 manticores
  An orc sorcerer (D:15)
  A wolf spider (D:15)
  23 ugly things
  A faun (shapeshifter) (D:15)
  7 cyclopes
  A worldbinder (Abyss:1)
  A cyclops (shapeshifter) (D:15)
  A rust devil (Abyss:1)
  A guardian serpent (shapeshifter) (Abyss:1)
  2 water nymphs (D:15)
  An ice statue (IceCv)
  An apocalypse crab (Abyss:1)
  2 smoke demons (Abyss:1)
  3 centaur zombies
  3 gargoyles
  A rime drake (shapeshifter) (D:15)
  A freezing wraith (Abyss:1)
  2 komodo dragons
  A rime drake (IceCv)
  A yaktaur (D:15)
  An ice devil (Abyss:1)
  4 hellwings (Abyss:1)
  6 trolls
  2 tengu conjurers
  A merfolk (D:13)
  4 meliai (D:15)
  2 jumping spiders (shapeshifter)
  18 polar bears (IceCv)
  A hornet (D:12)
  Grinder (D:3)
  3 raiju (Abyss:1)
  15 slime creatures
  A raiju (shapeshifter) (D:15)
  6 redbacks (D:14)
  A slime creature (shapeshifter) (D:15)
  2 hippogriffs
  3 vampires
  A centaur simulacrum (D:14)
  A spriggan (D:13)
  4 ynoxinuls (Abyss:1)
  Sigmund (D:6)
  25 yaks
  A tarantella (shapeshifter) (Depths:1)
  8 wraiths
  A tarantella (Abyss:1)
  2 wyverns
  5 shadows
  3 water elementals
  A yak (shapeshifter) (D:15)
  Grum (D:11)
  2 basilisks (D:15)
  2 hogs (D:12)
  A human (D:13)
  Eustachio (D:6)
  4 hungry ghosts
  5 vampire mosquitoes
  A neqoxec (Abyss:1)
  2 fire elementals (D:15)
  A steam dragon (D:13)
  A naga (D:13)
  A harpy simulacrum (Abyss:1)
  6 wargs
  A soldier ant (D:12)
  12 insubstantial wisps (Abyss:1)
  An acid dragon (D:15)
  4 hell hounds
  A swamp drake (Abyss:1)
  A black bear (D:12)
  2 hornet zombies
  5 ice beasts
  5 sky beasts
  A necrophage (D:6)
  16 orc warriors
  3 phantoms
  A slave (D:5)
  A boggart (D:15)
  4 ogres
  11 centaurs
  8 small abominations (Abyss:1)
  18 wolves
  Blork the orc (D:6)
  3 big kobolds
  7 bullfrogs
  A water moccasin skeleton (D:6)
  A killer bee (D:8)
  3 scorpions
  2 electric eels (D:13)
  A howler monkey (D:8)
  6 wights
  9 crimson imps
  3 bullfrog zombies
  2 quasits
  3 bullfrog skeletons
  9 hounds
  6 orc wizards
  Crazy Yiuf (D:5)
  7 orc priests
  6 centaur skeletons
  2 iron imps (Abyss:1)
  Natasha (D:3)
  7 iguanas
  6 worker ants
  A merfolk avatar (Sewer)
  2 hound zombies (D:8)
  A hound skeleton (D:7)
  A worker ant zombie (D:10)
  4 gnolls (Bailey)
  15 adders
  3 river rats
  5 shadow imps
  15 white imps
  An ufetubus (Abyss:1)
  3 oozes
  4 worms
  2 dart slugs
  6 leopard geckos
  38 orcs
  11 ball pythons
  9 giant cockroaches
  7 goblins
  7 hobgoblins
  8 jackals
  3 quokkas
  9 bats
  3 frilled lizards
  37 kobolds
  A quokka skeleton (D:4)
  26 rats
  A fungus (D:15)
  3 starspawn tentacles (Abyss:1)
741 creatures vanquished.

Vanquished Creatures (collateral kills)
  A tengu reaver (D:15)
  2 two-headed ogres
  Pikel (D:5)
  4 lindwurms (D:10)
  A gargoyle (D:15)
  A polar bear (IceCv)
  A fire elemental (D:15)
  2 hell hounds (D:15)
  5 orc warriors
  A slave (D:5)
  2 ogres (D:8)
  2 orc priests
  2 orcs (D:8)
25 creatures vanquished.

Vanquished Creatures (others)
  A catoblepas (D:15)
  A centaur warrior (D:15)
  A death yak (IceCv)
  2 cyclopes
  A yaktaur (Depths:2)
  A hornet (shapeshifter) (Depths:1)
  A human (D:12)
  A sky beast (D:13)
  A phantom (D:7)
  3 centaurs
  2 killer bees (D:8)
  An orc priest (D:13)
  A merfolk siren (Sewer)
  A ball lightning (D:13)
  A leopard gecko (Sewer)
  2 orcs
  A ball python (Sewer)
  A frilled lizard (Sewer)
  A kobold (Bailey)
  A rat (Sewer)
  2 fungi (D:15)
  A lurking horror (Abyss:1)
  10 plants
  4 starspawn tentacles (Abyss:1)
42 creatures vanquished.

Grand Total: 808 creatures vanquished

Notes
Turn   | Place    | Note
-------+----------+-------------------------------------------
     0 | D:1      | Jannitor the Formicid Fighter began the quest for the Orb.
     0 | D:1      | Reached XP level 1. HP: 18/18 MP: 1/1
   193 | D:1      | Reached XP level 2. HP: 21/24 MP: 2/2
   391 | D:1      | Reached XP level 3. HP: 25/29 MP: 3/3
  1099 | D:2      | Reached XP level 4. HP: 22/37 MP: 1/4
  1776 | D:2      | Found a burning altar of Makhleb.
  1918 | D:2      | Reached XP level 5. HP: 33/42 MP: 5/5
  2199 | D:3      | Reached skill level 3 in Maces & Flails
  2548 | D:3      | Noticed Natasha
  2566 | D:3      | Killed Natasha
  2566 | D:3      | Reached XP level 6. HP: 40/49 MP: 6/6
  2702 | D:3      | Noticed Grinder
  2717 | D:3      | Killed Grinder
  2717 | D:3      | Reached skill level 5 in Shields
  2717 | D:3      | Reached XP level 7. HP: 32/55 MP: 4/7
  2786 | D:3      | Found a radiant altar of Vehumet.
  2809 | D:3      | Found a faded altar of an unknown god.
  2863 | D:3      | Became a worshipper of Nemelex Xobeh the Trickster
  2863 | D:3      | Received a gift from Nemelex Xobeh
  2863 | D:3      | Reached * piety under Nemelex Xobeh
  2863 | D:3      | Received a gift from Nemelex Xobeh
  2939 | D:4      | Found Yguihes's Weapon Shop.
  2949 | D:4      | Reached skill level 5 in Fighting
  2949 | D:4      | Reached skill level 4 in Maces & Flails
  2949 | D:4      | Reached skill level 5 in Armour
  3603 | D:5      | Entered Level 5 of the Dungeon
  3603 | D:5      | Received a gift from Nemelex Xobeh
  3610 | D:5      | Found a staircase to the Ecumenical Temple.
  3617 | D:5      | Found a glowing drain.
  3647 | Sewer    | Entered a sewer
  3739 | Sewer    | Reached XP level 8. HP: 56/63 MP: 6/8
  4063 | D:5      | Found a basalt altar of Yredelemnul.
  4071 | D:5      | Noticed Pikel
  4476 | Temple   | Entered the Ecumenical Temple
  5134 | D:5      | Reached ** piety under Nemelex Xobeh
  5220 | D:5      | Killed Pikel
  5220 | D:5      | Reached skill level 5 in Maces & Flails
  5496 | D:5      | Received a gift from Nemelex Xobeh
  5584 | D:5      | Reached XP level 9. HP: 67/71 MP: 8/10
  5698 | D:5      | Found a runed translucent door.
  5699 | D:5      | Noticed Crazy Yiuf
  5883 | D:5      | Killed Crazy Yiuf
  6061 | D:6      | Noticed Blork the orc
  6074 | D:6      | Killed Blork the orc
  6237 | D:6      | Received a gift from Nemelex Xobeh
  6374 | D:6      | Found a sparkling altar of Nemelex Xobeh.
  6412 | D:6      | Found a white marble altar of Elyvilon.
  6413 | D:6      | Noticed Sigmund
  6415 | D:6      | Killed Sigmund
  6415 | D:6      | Reached skill level 6 in Maces & Flails
  6462 | D:6      | Noticed Eustachio
  6486 | D:6      | Killed Eustachio
  6736 | D:7      | Noticed a hippogriff
  6746 | D:7      | Killed a hippogriff
  6837 | D:7      | Reached *** piety under Nemelex Xobeh
  6923 | D:7      | Received a gift from Nemelex Xobeh
  7063 | D:7      | Found a flagged portal.
  7120 | Bailey   | Entered a bailey
  7156 | Bailey   | Reached XP level 10. HP: 67/79 MP: 13/13
  7503 | Bailey   | Reached skill level 5 in Invocations
  7962 | D:8      | Found a sparkling altar of Nemelex Xobeh.
  7991 | D:8      | Reached skill level 7 in Maces & Flails
  8310 | D:8      | Noticed a two-headed ogre
  8319 | D:8      | Killed a two-headed ogre
  8607 | D:8      | Received a gift from Nemelex Xobeh
  8794 | D:8      | Found a bloodstained altar of Trog.
  9172 | D:8      | Found a glowing golden altar of the Shining One.
  9221 | D:8      | Reached **** piety under Nemelex Xobeh
  9491 | D:9      | Found a stormy altar of Qazlal.
  9587 | D:9      | Received a gift from Nemelex Xobeh
  9647 | D:9      | Reached XP level 11. HP: 46/87 MP: 15/15
  9894 | D:9      | Found a staircase to the Lair.
 10414 | D:9      | Found a snail-covered altar of Cheibriados.
 10453 | D:9      | Received a gift from Nemelex Xobeh
 10525 | D:9      | Found a bloodstained altar of Trog.
 10659 | D:10     | Entered Level 10 of the Dungeon
 10666 | D:10     | Noticed a two-headed ogre
 10680 | D:10     | Killed a two-headed ogre
 10680 | D:10     | Reached skill level 8 in Maces & Flails
 10784 | D:10     | Noticed a lindwurm
 10789 | D:10     | Noticed a lindwurm
 10789 | D:10     | Noticed a lindwurm
 10790 | D:10     | Noticed a lindwurm
 10793 | D:10     | Identified the -1 hand axe of Famine {chop, +Blink rPois
                  | Str+4 Stlth-}
 10798 | D:10     | Killed a lindwurm
 10798 | D:10     | Reached skill level 10 in Shields
 10800 | D:10     | Killed a lindwurm
 10800 | D:10     | Killed a lindwurm
 10801 | D:10     | Killed a lindwurm
 11014 | D:10     | Received a gift from Nemelex Xobeh
 11043 | D:10     | Reached ***** piety under Nemelex Xobeh
 11095 | D:10     | Found a runed translucent gate.
 11095 | D:10     | Found a runed translucent gate.
 11098 | D:10     | Noticed Laan's ghost (journeyman GrMo)
 11098 | D:10     | Noticed a ten-headed hydra
 11099 | D:10     | Found a runed translucent gate.
 11099 | D:10     | Noticed a ten-headed hydra
 11281 | D:10     | Found Aptiwk's Food Boutique.
 11467 | D:11     | Found a frozen archway.
 11551 | IceCv    | Entered an ice cave
 11551 | IceCv    | Received a gift from Nemelex Xobeh
 11715 | IceCv    | Reached skill level 9 in Maces & Flails
 11720 | IceCv    | Reached XP level 12. HP: 74/97 MP: 18/18
 11961 | IceCv    | Reached skill level 10 in Armour
 11963 | IceCv    | Reached skill level 10 in Fighting
 12368 | IceCv    | Reached skill level 10 in Maces & Flails
 12443 | IceCv    | Noticed a frost giant
 12443 | IceCv    | Noticed a death yak
 12946 | IceCv    | Killed a frost giant
 13343 | IceCv    | Killed a death yak
 13644 | D:11     | Reached XP level 13. HP: 104/104 MP: 20/20
 13673 | D:11     | Found a staircase to the Orcish Mines.
 13981 | D:11     | Noticed Grum
 13991 | D:11     | Killed Grum
 14100 | D:11     | Reached skill level 11 in Maces & Flails
 14403 | D:12     | Received a gift from Nemelex Xobeh
 14558 | D:12     | Reached skill level 10 in Invocations
 14703 | D:12     | Noticed Kirke
 14729 | D:12     | Killed Kirke
 15092 | D:13     | Received a gift from Nemelex Xobeh
 15263 | D:12     | You fall through a shaft for 3 floors!
 15263 | D:15     | Entered Level 15 of the Dungeon
 15265 | D:15     | Found a staircase to the Depths.
 15483 | D:15     | Reached skill level 12 in Maces & Flails
 15557 | D:15     | Reached XP level 14. HP: 82/113 MP: 22/22
 16241 | D:13     | Received a gift from Nemelex Xobeh
 16591 | D:13     | Found Gixkaoq's Assorted Antiques.
 16593 | D:13     | You fall through a shaft for 2 floors!
 17207 | D:13     | Bought a pair of slimy gloves for 237 gold pieces
 17207 | D:13     | Bought a faintly humming chain mail for 237 gold pieces
 17217 | D:13     | Identified the +2 pair of gloves of Syl Owoh {rC- Int+3
                  | Dex+6} (You bought it in a shop on level 13 of the Dungeon)
 17227 | D:13     | Identified the +3 chain mail "Doiwa" {rC- Regen+ Str+2
                  | SInv} (You bought it in a shop on level 13 of the Dungeon)
 17343 | D:13     | Reached skill level 13 in Maces & Flails
 17631 | D:14     | Found a gate to the Vaults.
 17973 | D:15     | Found an opulent altar of Gozag.
 17973 | D:15     | Found a glowing silver altar of Zin.
 17974 | D:15     | Found an iron altar of Okawaru.
 18035 | D:15     | Noticed Azrael
 18055 | D:15     | Killed Azrael
 18055 | D:15     | Reached XP level 15. HP: 51/121 MP: 23/23
 18291 | D:15     | Noticed a sphinx
 18295 | D:15     | Killed a sphinx
 18832 | D:15     | Noticed a tengu reaver
 18860 | D:15     | HP: 5/122 [poisoned by a tengu reaver (bolt of poison)]
 18865 | D:15     | Identified the -1 trident of Wariness {flame, rN+ Str+4}
 18868 | D:15     | Killed a tengu reaver
 18872 | D:15     | Reached skill level 14 in Maces & Flails
 19280 | D:15     | Noticed a shadow dragon
 19862 | D:15     | Killed a shadow dragon
 19919 | D:15     | Received a gift from Nemelex Xobeh
 19944 | D:15     | HP: 6/122 [poisoned by a redback]
 19949 | D:15     | HP: 6/122 [poisoned by a redback]
 19956 | D:15     | HP: 6/122 [poisoned by a redback]
 19964 | D:15     | HP: 6/122 [poisoned by a redback]
 19996 | D:15     | HP: 4/183 [yaktaur captain/cursed -3 lajatang (16)]
 20262 | D:15     | Identified the Grimoire of the Noxious Blaze
 20392 | Depths:1 | Entered Level 1 of the Depths
 20472 | Depths:1 | Noticed a red very ugly thing
 20474 | Depths:1 | Noticed a red very ugly thing
 20499 | Depths:1 | Killed a purple very ugly thing
 20504 | Depths:1 | Killed a white very ugly thing
 20504 | Depths:1 | Reached XP level 16. HP: 38/130 MP: 25/25
 20851 | Depths:1 | Noticed a frost giant
 20886 | Depths:1 | Killed a frost giant
 22266 | Depths:1 | Noticed a frost giant
 22289 | Depths:1 | Killed a frost giant
 22466 | Depths:1 | Received a gift from Nemelex Xobeh
 22468 | Depths:1 | Found a corrupted altar of Lugonu.
 22468 | Depths:1 | Found a one-way gate to the infinite horrors of the Abyss.
 22483 | Depths:1 | Noticed a lich
 22511 | Depths:1 | Killed a lich
 22583 | Depths:1 | Reached skill level 15 in Maces & Flails
 23028 | Depths:1 | Found a gateway to Hell.
 23571 | Depths:1 | Received a gift from Nemelex Xobeh
 24196 | Depths:1 | Reached XP level 17. HP: 136/137 MP: 27/27
 24834 | Depths:2 | Received a gift from Nemelex Xobeh
 24952 | Depths:2 | Reached ****** piety under Nemelex Xobeh
 25434 | D:8      | Fell from the grace of Nemelex Xobeh
 25434 | D:8      | Became a worshipper of the Shining One
 25741 | Depths:1 | Voluntarily entered the Abyss.
 25781 | Abyss:1  | Reached skill level 15 in Shields
 25960 | Abyss:1  | Reached * piety under the Shining One
 26006 | Abyss:1  | Noticed an ancient lich
 26016 | Abyss:1  | Killed an ancient lich
 26045 | Depths:1 | Escaped the Abyss
 26312 | Depths:1 | Voluntarily entered the Abyss.
 26490 | Abyss:1  | Reached skill level 16 in Maces & Flails
 26503 | Abyss:1  | Noticed a tentacled starspawn
 26517 | Abyss:1  | Killed a tentacled starspawn
 26563 | Abyss:1  | Reached ** piety under the Shining One
 26649 | Abyss:1  | Found a corrupted altar of Lugonu.
 26752 | Abyss:1  | Reached *** piety under the Shining One
 26887 | Abyss:1  | Noticed a tentacled starspawn
 26896 | Abyss:1  | Killed a tentacled starspawn
 26900 | Depths:1 | Escaped the Abyss
 27021 | Depths:1 | Voluntarily entered the Abyss.
 27284 | Abyss:1  | Noticed a tentacled monstrosity
 27297 | Abyss:1  | Killed a tentacled monstrosity
 27373 | Abyss:1  | Reached **** piety under the Shining One
 27462 | Abyss:1  | Reached XP level 18. HP: 102/147 MP: 28/28
 27473 | Abyss:1  | Noticed a bone dragon
 27524 | Abyss:1  | Killed from afar by a smoke demon

Skill      XL: |  1  2  3  4  5  6  7  8  9 10 11 12 13 14 15 16 17 |
---------------+----------------------------------------------------+-----
Shields        | 4 5 6 7 8 9 10 11 12 13 14 15 | 15.5
Fighting       | 4 5 6 7 8 9 10 11 12 13 14 | 14.4
Armour         | 4 5 6 7 8 9 10 11 12 13 14 | 14.4
Maces & Flails | 3 4 5 6 7 9 10 12 13 14 15 16 | 16.4
Invocations    | 2 4 6 8 9 10 11 12 13 14 | 14.5

Action                   |  1- 3 |  4- 6 |  7- 9 | 10-12 | 13-15 | 16-18 || total
-------------------------+-------+-------+-------+-------+-------+-------++-------
Melee: Flail             |   110 |   132 |   462 |   336 |       |       ||  1040
       Great mace        |       |       |       |   319 |   943 |   756 ||  2018
       Unarmed           |       |       |       |       |     1 |       ||     1
Invok: Triple Draw       |       |       |       |     1 |       |       ||     1
       Divine Shield     |       |       |       |       |       |     2 ||     2
       Cleansing Flame   |       |       |       |       |       |     1 ||     1
 Abil: Dig               |       |     1 |     2 |     4 |     7 |    12 ||    26
       Draw Destruction  |       |       |    14 |    17 |    16 |    12 ||    59
       Draw Summoning    |       |       |     1 |    13 |     7 |     1 ||    22
       Draw Escape       |       |       |       |     6 |    15 |       ||    21
       Shaft Self        |       |       |       |       |     1 |       ||     1
Evoke: Lamp of fire      |       |       |       |       |     2 |     2 ||     4
       Phial of floods   |       |       |       |       |     1 |     1 ||     2
       Wand              |       |       |       |       |       |     8 ||     8
  Use: Potion            |       |     1 |       |    14 |    17 |     1 ||    33
       Scroll            |       |       |     8 |    11 |     1 |     1 ||    21
 Stab: Petrified         |       |       |       |       |     5 |       ||     5
  Eat: Chunk             |     1 |     5 |     7 |    18 |    21 |     6 ||    58
       Ration            |       |       |     2 |     2 |     1 |     5 ||    10
Armor: Scale mail        |    32 |    59 |   169 |     7 |       |       ||   267
       Chain mail        |       |       |       |   282 |   253 |   116 ||   651
       Skin              |       |       |       |       |     1 |       ||     1
       Plate armour      |       |       |       |       |       |    76 ||    76
Dodge: Dodged            |    33 |    48 |   159 |   210 |   244 |   139 ||   833
Block: Shield            |    67 |    75 |   274 |   601 |    80 |       ||  1097
       Reflection        |       |       |       |     1 |    54 |    11 ||    66
       Large shield      |       |       |       |       |  1118 |   867 ||  1985
